 Dungeon Crawl Stone Soup version 0.24.0-1-gfbc8707122 (webtiles) character file.

Game seed: 10877468863628912285, levelgen mode: deterministic

230 Froggeryz the Firebug (level 5, -8/28 HPs)
             Began as a Deep Elf Fire Elementalist on Oct 27, 2019.
             Was an Initiate of Vehumet.
             Mangled by an orc
             ... wielding a +0 flail
              (10 damage)
             ... on level 4 of the Dungeon.
             The game lasted 00:07:07 (3582 turns).

Froggeryz the Firebug (Deep Elf Fire Elementalist)  Turns: 3582, Time: 00:07:07

Health: -8/28      AC:  4    Str:  5    XL:     5   Next: 72%
Magic:  3/11       EV: 13    Int: 21    God:    Vehumet [......]
Gold:   230        SH:  0    Dex: 15    Spells: 2/10 levels left

rFire    . . .     SeeInvis .   s - +2 hand axe (flame)
rCold    . . .     Gourm    .   (no shield)
rNeg     . . .     Faith    .   a - +0 robe
rPois    .         Spirit   .   (no helmet)
rElec    .         Reflect  .   m - +0 cloak
rCorr    .         Harm     .   r - +0 pair of gloves
MR       .....                  (no boots)
Stlth    ++........             (no amulet)
HPRegen  0.09/turn              (no ring)
MPRegen  0.12/turn              (no ring)

@: no status effects
A: no striking features
a: Renounce Religion


You were on level 4 of the Dungeon.
You worshipped Vehumet.
Vehumet was noncommittal.
You were not hungry.

You visited 1 branch of the dungeon, and saw 4 of its levels.

You collected 230 gold pieces.

Inventory:

Hand Weapons
 s - a +2 hand axe of flaming (weapon)
Armour
 a - a +0 robe (worn)
 m - a +0 cloak (worn)
 r - a +0 pair of gloves (worn)
Scrolls
 e - a scroll of fog {unknown}
 f - 3 scrolls of fear {unknown}
 g - 4 scrolls of identify {unknown}
 h - 4 scrolls of magic mapping {unknown}
 i - 3 scrolls of remove curse {unknown}
 j - 2 scrolls of enchant armour {unknown}
 n - 3 scrolls of teleportation {unknown}
 o - a scroll of blinking {unknown}
 p - 2 scrolls of random uselessness {unknown}
Potions
 b - a potion of degeneration {unknown}
 d - a potion of berserk rage {unknown}
 k - 2 potions of curing {unknown}
 l - 3 potions of lignification {unknown}
 q - a potion of brilliance {unknown}
 t - a potion of might
 u - a potion of flight {unknown}
 v - a potion of mutation {unknown}
Comestibles
 c - 8 rations


   Skills:
 - Level 2.4 Dodging
 - Level 2.4 Stealth
 - Level 3.0 Spellcasting
 + Level 1.9 Conjurations
 - Level 7.0 Fire Magic


You had 2 spell levels left.
You knew the following spells:

 Your Spells              Type           Power        Failure   Level  Hunger
a - Flame Tongue          Conj/Fire      ###..        2%          1    None
b - Conjure Flame         Conj/Fire      ###.....     6%          3    ###....
c - Sticky Flame          Conj/Fire      ###.....     22%         4    ####...

Your spell library contained the following spells:

 Spells                   Type           Power        Failure   Level  Hunger
 Throw Flame              Conj/Fire      ###...       3%          2    ##.....
 Inner Flame              Hex/Fire       ###.....     10%         3    ###....
 Fireball                 Conj/Fire      ###.......   52%         5    ######.


Dungeon Overview and Level Annotations

Branches:
Dungeon (4/15)
 Temple: D:4-7

Altars:
Elyvilon
Kikubaaqudgha
Makhleb
Ru
Trog
Vehumet
Wu Jian


Message History

Confirm with . or Enter, or press ? or * to list all spells.
Aiming: Flame Tongue (safe; 2% risk of failure)
Press: ? - help, Shift-Dir - straight line, f/p - orc wizard
Aim: an orc wizard, wielding a +0 dagger and wearing a +0 robe (heavily wounded)
The flame tongue hits the orc wizard.
The orc wizard is severely wounded.
The orc hits you with a +0 flail.
* * * LOW HITPOINT WARNING * * *
The orc wizard closely misses you.
Casting: Flame Tongue (safe; 2% risk of failure)
Confirm with . or Enter, or press ? or * to list all spells.
Aiming: Flame Tongue (safe; 2% risk of failure)
Press: ? - help, Shift-Dir - straight line, f/p - orc wizard
Aim: an orc wizard, wielding a +0 dagger and wearing a +0 robe (severely wounded)
The flame tongue misses the orc wizard.
The orc wizard casts a spell at you. The magic dart hits you.
* * * LOW HITPOINT WARNING * * *
The orc hits you with a +0 flail!
You die...

.....## .# ........#
....... .#.#......[.#
....... .#.#........####
....... .#.#...........#
....... .#.#...........#
.......#.#.#########...#
.........#.# #...#
(...$...##.#########...####
............o@o....'...'..#
.......###†#########...##.#
##+##+#....# ######.#
#.#### ...##.# #
#.#####.##.# #..........#
######.#### #<..# #####


You could see an orc wizard and an orc.

Vanquished Creatures
  2 orc priests (D:3)
  A worker ant (D:4)
  3 adders
  3 oozes
  A worm (D:2)
  A dart slug (D:2)
  5 leopard geckos
  12 orcs
  9 bats
  7 giant cockroaches
  6 goblins
  9 hobgoblins
  6 jackals
  10 kobolds
  3 frilled lizards
  3 rats
81 creatures vanquished.

Notes
Turn   | Place    | Note
-------+----------+-------------------------------------------
     0 | D:1      | Froggeryz the Deep Elf Fire Elementalist began the quest
                  | for the Orb.
     0 | D:1      | Reached XP level 1. HP: 10/10 MP: 6/6
    93 | D:1      | You fall into a shaft and drop 1 floor!
   136 | D:1      | Reached XP level 2. HP: 12/15 MP: 2/8
   139 | D:1      | Reached skill level 4 in Fire Magic
   466 | D:1      | Reached XP level 3. HP: 18/19 MP: 4/9
  1043 | D:2      | Reached skill level 5 in Fire Magic
  1051 | D:2      | Learned a level 3 spell: Conjure Flame
  1288 | D:2      | Reached XP level 4. HP: 23/24 MP: 7/10
  2352 | D:3      | Reached skill level 6 in Fire Magic
  2385 | D:3      | Found a sacrificial altar of Ru.
  2418 | D:3      | Learned a level 4 spell: Sticky Flame
  2620 | D:3      | Reached XP level 5. HP: 21/28 MP: 5/11
  3229 | D:3      | Found a white marble altar of Elyvilon.
  3229 | D:3      | Found a radiant altar of Vehumet.
  3234 | D:3      | Found a burning altar of Makhleb.
  3238 | D:3      | Found an ancient bone altar of Kikubaaqudgha.
  3240 | D:3      | Found an ornate altar of the Wu Jian Council.
  3260 | D:3      | Became a worshipper of Vehumet
  3448 | D:3      | Reached skill level 7 in Fire Magic
  3449 | D:3      | Found a bloodstained altar of Trog.
  3582 | D:4      | Mangled by an orc

Levels and vault maps discovered:
D:1:      dpeg_arrival_short_road, layout_basic
D:2:      layout_basic
D:3:      layout_basic, nicolae_ru_awakened_eye, lemuel_coloured_pillars_altar,
          chequers_temple_overflow_minitemple
D:4:      layout_basic, old_standard_altar, minmay_temple_entry_mini_moons,
          first_ration

Skill      XL: |  1  2  3  4  5 |
---------------+----------------+-----
Fire Magic     | 4 5 6 7 |  7.0
Dodging        | |  2.4
Stealth        | |  2.4
Spellcasting   | |  3.0
Conjurations   | |  1.9

Action                   |  1- 3 |  4- 6 || total
-------------------------+-------+-------++-------
Melee: Unarmed           |    26 |       ||    26
       Short sword       |     4 |    24 ||    28
       Hand axe          |       |    60 ||    60
 Cast: Flame Tongue      |    64 |    73 ||   137
       Conjure Flame     |       |     1 ||     1
 Stab: Sleeping          |       |     4 ||     4
  Eat: Chunk             |     1 |     7 ||     8
Armor: Robe              |    14 |    35 ||    49
Dodge: Dodged            |    59 |    98 ||   157
